 Dungeon Crawl Stone Soup version 0.25.0-46-gbd7b0854d2 (webtiles) character file.

Game seed: 3150276177304768972

811 Ethylacetat the Poker (level 7, 0/67 HPs)
             Began as a Naga Gladiator on July 13, 2020.
             Slain by an iguana (12 damage)
             ... on level 5 of the Dungeon.
             The game lasted 00:11:35 (5387 turns).

Ethylacetat the Poker (Naga Gladiator)              Turns: 5387, Time: 00:11:35

Health: 0/67       AC:  4    Str: 19    XL:     7   Next: 93%
Magic:  7/7        EV: 10    Int:  8    God:
Gold:   224        SH:  4    Dex: 12    Spells: 6/6 levels left

rFire    . . .     SeeInvis +   a - +1 trident
rCold    . . .     Gourm    .   (no shield)
rNeg     . . .     Faith    .   b - +0 leather armour
rPois    +         Spirit   .   c - +0 helmet
rElec    .         Reflect  .   (no cloak)
rCorr    .         Harm     .   (no gloves)
MR       +....     Clarity  +   (no barding)
Stlth    +.........             (no amulet)
HPRegen  0.21/turn              (no ring)
MPRegen  0.10/turn              (no ring)

@: very slow
A: large, large bone plates 1, see invisible, clarity, deformed body, magic
resistance 1, poison resistance, slowness 2, slow metabolism 1, spit poison 1,
AC +2
a: Spit Poison


You were on level 5 of the Dungeon.
You were not hungry.

You visited 1 branch of the dungeon, and saw 5 of its levels.

You collected 224 gold pieces.

Inventory:

Hand Weapons
 a - a +1 trident (weapon)
Missiles
 d - 4 throwing nets (quivered)
Armour
 b - a +0 leather armour (worn)
 c - a +0 helmet (worn)
Scrolls
 e - 2 scrolls of teleportation
 l - 3 scrolls of identify
 m - 2 scrolls of enchant weapon
 n - 2 scrolls of fear
Potions
 j - 3 potions of curing {unknown}
 k - a potion of heal wounds
 o - a potion of might
Comestibles
 f - 6 rations
 g - 2 chunks of flesh


   Skills:
 + Level 5.2 Fighting
 * Level 7.6 Polearms
 - Level 1.7 Throwing
 - Level 2.4 Dodging


You had 6 spell levels left.
You didn't know any spells.
Your spell library was empty.

Dungeon Overview and Level Annotations

Branches:
Dungeon (5/15)
 Temple: D:4-7

Altars:
Dithmenos
Fedhas
Hepliaklqana
Yredelemnul
The Shining One


Innate Abilities, Weirdness & Mutations

You cannot wear boots.
Your serpentine skin is tough. (AC +2)
You have supernaturally acute eyesight. (SInv)
Armour fits poorly on your strangely shaped body.
Your system is resistant to poisons. (rPois)
You cover ground very slowly.
You have a slow metabolism.
You can spit poison.
You are partially covered in large bone plates. (SH +4)
You possess an exceptional clarity of mind.
You are resistant to hostile enchantments. (MR+)


Message History

You barely miss the worm.
The worm is severely wounded.
The iguana closely misses you.
Press: ? - help, Shift-Dir - straight line, f/p - iguana
Aim: an iguana The splash of poison hits the iguana.
The iguana is poisoned.
The iguana is moderately wounded.
You feel slightly more hungry. The worm bites you.
* * * LOW HITPOINT WARNING * * *
The iguana bites you but does no damage.
You hit the worm.
The worm is almost dead.
You barely miss the worm.
The worm is almost dead.
You block the iguana's attack. The worm bites you but does no damage.
You barely miss the worm.
The worm is severely wounded.
You have got your breath back.
The iguana bites you!
You die...

#..............
#.####.....###
#.# #.....#
####.#
#.....########
(..#.#
#............#
.#...#
#............##
.#.#.#
#####.........#
..##.#
##########.%.#
#....#
.......@l....#
#..#.#
........w....#
...#.#
.........)...#
#....#
!............#
###..#
...............
. ..#
.............##.
# #>#
#######.###### #
. #..


You could see a worm and an iguana (poisoned).

Vanquished Creatures
  A phantom (D:2)
  An ogre (D:4)
  Blork the orc (D:4)
  A howler monkey (D:5)
  A centaur skeleton (D:4)
  3 orc priests (D:4)
  A hound (D:4)
  Natasha (thrice) (D:2)
  An iguana (D:4)
  2 orc wizards (D:4)
  3 worker ants
  4 adders
  2 worms
  3 dart slugs
  3 leopard geckos
  13 orcs
  5 ball pythons
  7 giant cockroaches
  9 goblins
  7 hobgoblins
  2 quokkas (D:2)
  13 bats
  5 frilled lizards
  9 kobolds
  A leopard gecko skeleton (D:4)
  9 rats
110 creatures vanquished.

Notes
Turn   | Place    | Note
-------+----------+-------------------------------------------
     0 | D:1      | Ethylacetat the Naga Gladiator began the quest for the Orb.
     0 | D:1      | Reached XP level 1. HP: 19/19 MP: 1/1
   277 | D:1      | Reached XP level 2. HP: 22/26 MP: 2/2
   722 | D:1      | Reached XP level 3. HP: 30/33 MP: 3/3
  1309 | D:2      | Reached skill level 4 in Polearms
  1571 | D:2      | You fall into a shaft and drop 1 floor!
  1650 | D:2      | Reached XP level 4. HP: 39/40 MP: 4/4
  1672 | D:2      | Noticed Natasha
  1682 | D:2      | Killed Natasha
  2067 | D:2      | Noticed a phantom
  2109 | D:2      | HP: 2/42 [phantom (3)]
  2112 | D:2      | Gained mutation: You are partially covered in large bone
                  | plates. (SH +4) [potion of mutation]
  2112 | D:2      | Gained mutation: You possess an exceptional clarity of
                  | mind. [potion of mutation]
  2112 | D:2      | Gained mutation: You are resistant to hostile enchantments.
                  | (MR+) [potion of mutation]
  2118 | D:2      | Killed a phantom
  2118 | D:2      | Reached skill level 5 in Polearms
  2118 | D:2      | Reached XP level 5. HP: 15/49 MP: 5/5
  2678 | D:2      | Noticed Natasha
  2686 | D:2      | Killed Natasha
  2686 | D:2      | Reached XP level 6. HP: 33/57 MP: 6/6
  3124 | D:2      | Noticed Natasha
  3135 | D:2      | Killed Natasha
  3282 | D:3      | Found a shadowy altar of Dithmenos.
  4125 | D:4      | Reached skill level 6 in Polearms
  4619 | D:4      | Noticed Blork the orc
  4640 | D:4      | Killed Blork the orc
  4640 | D:4      | Reached XP level 7. HP: 39/66 MP: 7/7
  4794 | D:4      | Reached skill level 7 in Polearms
  4869 | D:4      | Found a glowing golden altar of the Shining One.
  4869 | D:4      | Found a hazy altar of Hepliaklqana.
  4958 | D:4      | Reached skill level 5 in Fighting
  5220 | D:4      | Found a basalt altar of Yredelemnul.
  5266 | D:5      | Entered Level 5 of the Dungeon
  5267 | D:5      | Found a blossoming altar of Fedhas.
  5387 | D:5      | Slain by an iguana

Illustrated notes

Levels and vault maps discovered:
D:1:      elethiomel_arrival_maze, layout_loops_ring, nrook_mini_backslash,
          st_stairs_1, hex_tiny, minmay_vboxes
D:2:      layout_basic, guppyfry_early_orc_mine, uniq_natasha
D:3:      minmay_chambers_of_twos, layout_loops_ring, grunt_dithmenos_smoke,
          minmay_ruptured
D:4:      minmay_octagon_keep, layout_rooms, kennysheep_little_box,
          gammafunk_temple_overflow_wave, first_ration, uniq_blork_the_orc
D:5:      minmay_recursive_quarters, layout_basic, basic_altar

Skill      XL: |  1  2  3  4  5  6  7 |
---------------+----------------------+-----
Polearms       | 4 5 6 7 |  7.6
Fighting       | 3 4 5 |  5.2
Throwing       | |  1.7
Dodging        | |  2.4

Action                   |  1- 3 |  4- 6 |  7- 9 || total
-------------------------+-------+-------+-------++-------
Melee: Trident           |   142 |   228 |    94 ||   464
 Abil: Spit Poison       |     5 |    23 |    13 ||    41
  Use: Scroll            |       |     6 |       ||     6
       Potion            |       |     4 |       ||     4
 Stab: Sleeping          |     2 |     1 |       ||     3
  Eat: Chunk             |     2 |     9 |     3 ||    14
Armor: Leather armour    |    42 |    47 |    19 ||   108
Dodge: Dodged            |    71 |    86 |    47 ||   204
Block: Other             |       |    25 |    13 ||    38
